 Dungeon Crawl Stone Soup version 0.28.0-55-gcd9437bce4 (webtiles) character file.

Game seed: 7767910942399980760

5488 tkbsonic5 the Fighter (level 10, -3/90 HPs)
             Began as a Hill Orc Monk on Dec 23, 2022.
             Was a Believer of Beogh.
             Succumbed to a killer bee's poison
             ... on level 9 of the Dungeon on Dec 25, 2022.
             The game lasted 00:33:05 (10087 turns).

tkbsonic5 the Fighter (Hill Orc Monk)              Turns: 10087, Time: 00:33:06

Health: -3/90      AC: 14    Str: 19    XL:     10   Next: 69%
Magic:  12/16      EV:  7    Int: 10    God:    Beogh [**....]
Gold:   320        SH:  0    Dex: 15    Spells: 4/9 levels left

rFire   . . .      SeeInvis +   i - +1 war axe (elec)
rCold   . . .      Faith    .   (no shield)
rNeg    . . .      Spirit   .   e - +1 plate armour
rPois   .          Reflect  .   x - +0 hat {SInv}
rElec   .          Harm     .   (no cloak)
rCorr   .          Rampage  .   (no gloves)
Will    ++...                   (no boots)
Stlth   ..........              v - amulet of the acrobat
HPRegen 0.25/turn               h - ring of willpower
MPRegen 0.15/turn               q - ring of willpower

@: lethally poisoned (-3 -> -34), studying Unarmed Combat
A: antennae 1, agile 1
a: Renounce Religion, Smiting


You were on level 9 of the Dungeon.
You worshipped Beogh.
Beogh was pleased with you.
You visited 2 branches of the dungeon, and saw 10 of its levels.

You collected 320 gold pieces.

Inventory:

Hand Weapons
 g - a +0 shortbow
 i - a +1 war axe of electrocution (weapon)
 k - the +7 short sword of Reinforcement {vorpal, rN+ Will- SInv}
   (You found it on level 2 of the Dungeon)

   It inflicts extra damage upon your enemies.
   rN:        It protects you from negative energy.
   SInv:      It lets you see invisible.
   Will:      It decreases your willpower.
 t - a +4 morningstar
Missiles
 d - 67 bolts
 f - 197 arrows
 l - 6 poisoned darts (quivered)
 o - 105 stones
 p - 55 sling bullets
 u - 6 boomerangs
Armour
 b - a +0 robe
 c - a +0 chain mail
 e - a +1 plate armour (worn)
 r - a +1 leather armour of poison resistance
 x - a +0 hat of see invisible (worn)
 A - a +0 troll leather armour
Jewellery
 h - a ring of willpower (left hand)
 q - a ring of willpower (right hand)
 v - an amulet of the acrobat (around neck)
 w - an amulet of reflection
Wands
 j - a wand of digging (6)
 s - a wand of iceblast (5)
 B - a wand of polymorph (10)
Scrolls
 m - 3 scrolls of identify
 y - a scroll of teleportation
Potions
 n - 2 potions of magic
 z - a potion of lignification


   Skills:
 + Level 8.9 Fighting
 - Level 4.2 Short Blades
 * Level 8.0(8.4) Axes
 + Level 3.4(5.4) Maces & Flails
 + Level 4.0 Throwing
 * Level 7.6 Armour
 + Level 4.1 Dodging
 - Level 1.5 Stealth
 + Level 0.6 Unarmed Combat
 * Level 8.7 Invocations
 - Level 2.0 Evocations


You had 4 spell levels left.
You knew the following spells:

 Your Spells              Type           Power      Damage    Failure   Level
a - Pain                  Necr           0%         1d4       100%        1
b - Animate Skeleton      Necr           0%         N/A       100%        1
c - Confusing Touch       Hex            0%         N/A       100%        3

Your spell library contained the following spells:

 Spells                   Type           Power      Damage    Failure   Level
 Foxfire                  Conj/Fire      0%         2x1d4     100%        1
 Static Discharge         Conj/Air       0%         N/A       100%        2
 Conjure Flame            Conj/Fire      0%         6-21      100%        3
 Gell's Gravitas          Tloc           0%         N/A       100%        3
 Inner Flame              Hex/Fire       0%         N/A       100%        3
 Lesser Beckoning         Tloc           0%         N/A       100%        3
 Teleport Other           Tloc           0%         N/A       100%        3
 Vampiric Draining        Necr           0%         2d6       100%        3
 Animate Dead             Necr           0%         N/A       100%        4
 Flame Wave               Conj/Fire      0%         2d4       100%        4
 Lightning Bolt           Conj/Air       0%         1d11      100%        5
 Yara's Violent Unravell  Hex/Tmut       0%         3d3       100%        5
 Enfeeble                 Hex            0%         N/A       100%        7
 Haunt                    Necr/Summ      0%         N/A       100%        7
 Infestation              Necr           0%         N/A       100%        8
 Maxwell's Capacitive Co  Air            0%         ∞         100%        8


Dungeon Overview and Level Annotations

Branches:
Dungeon (9/15)             Temple (1/1) D:4
   Lair: D:8-11         Orc: D:9-12

Altars:
Ashenzari
Cheibriados
Dithmenos
Elyvilon
Fedhas
Gozag
Hepliaklqana
Kikubaaqudgha
Makhleb
Nemelex Xobeh
Okawaru
Qazlal
Ru
Sif Muna
Trog
Uskayaw
Vehumet
Wu Jian
Xom
Yredelemnul
Zin
The Shining One


Innate Abilities, Weirdness & Mutations

You have a pair of small antennae on your head.
You are agile. (Dex +2)


Message History

The killer bee is almost dead.
You closely miss the killer bee. You completely miss the killer bee.
You feel extremely sick.
The killer bee stings you but does no damage. x4
The killer bee barely misses you.
The killer bee stings you but does no damage. x2
The killer bee stings you.
Okay, then.
Okay, then.
Aiming: Smiting
Press: ? - help, Dir - move target, f - killer bee Smite: a killer bee (almost dead)
You smite the killer bee!!
You kill the killer bee!
Beogh accepts your kill.
* * * LOW HITPOINT WARNING * * *
You feel very sick. The killer bee stings you.
* * * LOW HITPOINT WARNING * * *
You are lethally poisoned!
The killer bee poisons you! The killer bee barely misses you.
The killer bee stings you.
* * * LOW HITPOINT WARNING * * *
You are more poisoned.
The killer bee poisons you!
The killer bee stings you but does no damage.
You slash the killer bee!
You kill the killer bee!
Beogh accepts your kill.
You slash the killer bee!
* * * LOW HITPOINT WARNING * * *
You feel extremely sick. The killer bee stings you.
* * * LOW HITPOINT WARNING * * *
The killer bee barely misses you.
Your Axes skill increases to level 8!
You slash the killer bee!
You kill the killer bee!
Beogh accepts your kill.
You die...

#....#................
#....#................
.#....#######..........
.......................
.......................
.......................
...........)..........
##........))##########
......)@...........
......)............
...................
...................
...................
...................
...................
..................


There were no monsters in sight!

Vanquished Creatures
  Gastronok (D:8)
  Harold (D:7)
  Erica (D:8)
  A troll (D:7)
  Eustachio (D:5)
  A swamp worm (D:8)
  A water moccasin (D:7)
  3 sky beasts
  An orc warrior (D:5)
  An ice beast (D:6)
  2 necrophages (D:5)
  An ogre (D:5)
  5 centaurs
  A phantom (D:5)
  A kobold brigand (D:9)
  4 bullfrogs
  A scorpion (D:7)
  A wyvern skeleton (D:7)
  4 killer bees (D:9)
  4 wights (D:7)
  3 centaur zombies
  A jelly (D:5)
  4 orc priests
  3 hounds
  An iguana (D:5)
  2 orc wizards
  A killer bee zombie (D:6)
  A hound skeleton (D:4)
  A howler monkey zombie (D:7)
  9 adders
  2 white imps
  An ufetubus (D:6)
  An adder zombie (D:5)
  3 adder skeletons
  A worm (D:2)
  2 dart slugs
  15 orcs
  11 ball pythons
  4 bats
  12 endoplasms
  4 giant cockroaches
  9 goblins
  11 hobgoblins
  14 kobolds
  2 quokkas
  6 frilled lizards
  9 rats
169 creatures vanquished.

Vanquished Creatures (others)
  An orc (D:5)
  A plant (D:1)
2 creatures vanquished.

Grand Total: 171 creatures vanquished

Notes
Turn   | Place    | Note
-------+----------+-------------------------------------------
     0 | D:1      | tkbsonic5 the Hill Orc Monk began the quest for the Orb.
     0 | D:1      | Reached XP level 1. HP: 19/19 MP: 1/1
    32 | D:1      | Reached XP level 2. HP: 18/27 MP: 2/2
   592 | D:1      | Reached skill level 1 in Armour
   649 | D:1      | Reached XP level 3. HP: 30/33 MP: 3/3
  1247 | D:2      | Identified the +7 short sword of Reinforcement {vorpal, rN+
                  | Will- SInv}
  1569 | D:2      | Reached XP level 4. HP: 40/41 MP: 4/4
  1624 | D:2      | Reached skill level 1 in Short Blades
  2561 | D:3      | Found a faded altar of an unknown god.
  2604 | D:3      | Reached skill level 5 in Fighting
  2876 | D:4      | Reached XP level 5. HP: 48/48 MP: 5/5
  3152 | D:4      | Found a staircase to the Ecumenical Temple.
  3211 | Temple   | Entered the Ecumenical Temple
  4238 | D:5      | Entered Level 5 of the Dungeon
  4249 | D:5      | Reached skill level 1 in Throwing
  4249 | D:5      | Reached XP level 6. HP: 56/56 MP: 6/6
  4283 | D:5      | Learned a level 1 spell: Pain
  4285 | D:5      | Learned a level 1 spell: Animate Skeleton
  4289 | D:5      | Learned a level 3 spell: Confusing Touch
  4412 | D:5      | Became a worshipper of Beogh the Brigand
  4412 | D:5      | Reached * piety under Beogh
  4412 | D:5      | Reached ** piety under Beogh
  4701 | D:5      | Found a blossoming altar of Fedhas.
  4711 | D:5      | Reached skill level 1 in Invocations
  4711 | D:5      | Reached XP level 7. HP: 34/63 MP: 6/8
  4986 | D:5      | Noticed Eustachio
  5316 | D:5      | Killed Eustachio
  5675 | D:6      | Reached skill level 1 in Evocations
  5990 | D:5      | Reached XP level 8. HP: 35/73 MP: 6/10
  6177 | D:5      | Gained mutation: You are agile. (Dex +2) [potion of
                  | mutation]
  6177 | D:5      | Gained mutation: You have a pair of small antennae on your
                  | head. [potion of mutation]
  7532 | D:6      | Reached skill level 5 in Invocations
  7641 | D:6      | Reached skill level 5 in Axes
  7746 | D:6      | Reached skill level 5 in Armour
  8097 | D:7      | Reached XP level 9. HP: 63/81 MP: 13/13
  8488 | D:7      | Noticed Harold
  8510 | D:7      | Killed Harold
  9498 | D:8      | Noticed Gastronok
  9517 | D:8      | Noticed Erica
  9522 | D:8      | Killed Gastronok
  9523 | D:8      | Reached XP level 10. HP: 41/90 MP: 11/16
  9525 | D:8      | Killed Erica
  9807 | D:8      | Noticed a two-headed ogre
  9816 | D:8      | a two-headed ogre changed into a swamp worm
 10087 | D:9      | Succumbed to a killer bee's poison

Illustrated notes

Levels and vault maps discovered:
D:1:      eino_arrival_water_cross, layout_rooms, grunt_decor_cap,
          minmay_pentomino_u2
D:2:      minmay_razor_zed, layout_basic
D:3:      layout_loops_corners, shapermc_ecumenical_altar_hornbeckon,
          st_stairs_8
D:4:      layout_basic, minmay_mini_jars
D:5:      layout_basic, fedhas_altar_2, uniq_eustachio
D:6:      layout_cave_pools
D:7:      layout_loops_cross, uniq_harold
D:8:      layout_cave_pools, minmay_manual_moon, uniq_erica, uniq_gastronok
D:9:      layout_grid_maze, enter_bailey_4, corexii_leaking_fountain,
          minmay_pinched_square
Temple:   mainiacjoe_temple_archimedes_tessellation

Skill      XL: |  1  2  3  4  5  6  7  8  9 10 |
---------------+-------------------------------+-----
Fighting       | 4 5 6 7 8 |  8.9
Armour         | 1 2 3 4 5 7 |  7.6
Short Blades   | 1 2 3 4 |  4.2
Throwing       | 1 3 4 |  4.0
Invocations    | 1 3 5 8 |  8.7
Evocations     | 1 2 |  2.0
Axes           | 5 7 8 |  8.0
Dodging        | 3 4 |  4.1
Maces & Flails | 2 3 |  3.4
Stealth        | |  1.5
Unarmed Combat | |  0.6

Action                   |  1- 3 |  4- 6 |  7- 9 | 10-12 || total
-------------------------+-------+-------+-------+-------++-------
Melee: Hand axe          |    81 |       |       |       ||    81
       Short sword       |    22 |   122 |    79 |       ||   223
       Punch             |     1 |     1 |     3 |     1 ||     6
       War axe           |       |       |   129 |    30 ||   159
Throw: Stone             |       |     9 |       |       ||     9
       Boomerang         |       |    12 |    21 |       ||    33
       Dart              |       |       |    12 |       ||    12
       Throwing net      |       |       |     2 |     4 ||     6
Invok: Smiting           |       |     1 |     9 |     2 ||    12
       Convert to Beogh  |       |     1 |       |       ||     1
Evoke: Wand              |       |     1 |    13 |     1 ||    15
  Use: Scroll            |     1 |     6 |     8 |       ||    15
       Potion            |       |     2 |     9 |       ||    11
 Stab: Sleeping          |     2 |       |       |       ||     2
       Held in net/web   |       |       |       |     2 ||     2
Armor: Robe              |     9 |       |       |       ||     9
       Chain mail        |    29 |    18 |    38 |       ||    85
       Skin              |       |     3 |     7 |       ||    10
       Leather armour    |       |    17 |     7 |       ||    24
       Plate armour      |       |       |   125 |    19 ||   144
Dodge: Dodged            |    50 |    45 |   121 |    16 ||   232
